 Dungeon Crawl Stone Soup version 0.18-a0-1211-g828307d (webtiles) character file.

16515 M4edhros the Prestidigitator (level 12, -7/68 HPs)
             Began as an Octopode Artificer on Feb 3, 2016.
             Was an Elder of Fedhas.
             Mangled by an orange demon (12 damage)
             ... summoned by an orc sorcerer
             ... while paralysed by an orc sorcerer
             ... on level 2 of the Orcish Mines.
             The game lasted 00:37:41 (13225 turns).

M4edhros the Prestidigitator (Octopode Artificer)  Turns: 13225, Time: 00:37:41

Health: -7/68      AC:  4    Str: 15      XL:     12   Next: 38%
Magic:  19/19      EV:  2    Int: 21 (22) God:    Fedhas [****..]
Gold:   863        SH:  0    Dex: 23      Spells: 0 memorised, 11 levels left

rFire  + . .     SeeInvis .     o - +2 hunting sling (flame)
rCold  + . .     Gourm    .     k - +0 shield
rNeg   . . .     Faith    .     h - +2 hat
rPois  .         Spirit   .     j - +5 amulet of reflection
rElec  .         Dismiss  .     v - +4 ring of intelligence
rCorr  .         Reflect  +     x - ring of protection from cold
SustAt .         Harm     .     (no ring)
MR     +....     Rnd*Rage +     (no ring)
Stlth  +++++++... Rnd*Tele +    R - +5 ring of strength
                                P - ring of protection from fire
                                l - +2 ring of dexterity
                                q - +2 ring of evasion

@: paralysed, agile, drained, somewhat resistant to hostile enchantments,
extremely stealthy
A: almost no armour, amphibious, 8 rings, constrict 8, camouflage 1, agile 1,
berserk 1, blurry vision 1, deterioration 1, magic resistance 1, shaggy fur 1,
teleportitis 1, wild magic 1, gelatinous body 1
a: Evolution, Sunlight, Growth, Reproduction, Renounce Religion


You were on level 2 of the Orcish Mines.
You worshipped Fedhas.
Fedhas was greatly pleased with you.
You were not hungry.

You visited 3 branches of the dungeon, and saw 16 of its levels.

You collected 1512 gold pieces.
You spent 649 gold pieces at shops.

Inventory:

Hand Weapons
 n - the +5 dagger of Zide {freeze, Str+6}
   (You found it on level 4 of the Dungeon)

   It has been specially enchanted to freeze those struck by it, causing extra
   injury to most foes and up to half again as much damage against particularly
   susceptible opponents.
   It can also slow down cold-blooded creatures.
   It affects your strength (+6).
 o - a +2 hunting sling of flaming (weapon)
 M - a +2 eveningstar of protection
Missiles
 p - 190 stones (quivered)
 G - 48 sling bullets
Armour
 h - a +2 hat (worn)
 k - a +0 shield (worn)
Rods
 a - a +6 lightning rod (13/13)
   (You acquired it on level 9 of the Dungeon)
Jewellery
 j - a +5 amulet of reflection (around mantle)
 l - a +2 ring of dexterity (on tentacle)
 q - a +2 ring of evasion (on tentacle)
 v - a +4 ring of intelligence (left tentacle)
 x - a ring of protection from cold (right tentacle)
 C - an uncursed ring of fire
 O - an uncursed ring of ice
 P - a ring of protection from fire (on tentacle)
 R - a +5 ring of strength (on tentacle)
Wands
 b - a wand of flame (5/48)
 c - a wand of enslavement (0/24)
 d - a wand of random effects (9/48)
 r - a wand of lightning (10/15)
 s - a wand of lightning (6/15)
 y - a wand of confusion (18/48)
 B - a wand of confusion (15/48)
 N - a wand of lightning (5/15)
 Q - a wand of disintegration (10/24)
 S - a wand of flame (21/48)
Scrolls
 e - 3 scrolls of fog
 t - 3 scrolls of enchant armour
 w - 2 scrolls of noise
 z - 4 scrolls of remove curse
 L - 2 scrolls of immolation
Potions
 g - a potion of resistance
 i - a potion of agility
 m - 3 potions of curing
 E - a potion of might
 F - a potion of brilliance
 K - a potion of flight
Comestibles
 f - 9 bread rations
 D - a fruit
 I - 6 beef jerkies


   Skills:
 + Level 1.0(0.1) Fighting
 - Level 1.0(0.1) Short Blades
 * Level 8.1(7.1) Slings
 - Level 7.0(6.0) Dodging
 - Level 9.7(8.6) Stealth
 + Level 9.1(8.0) Shields
 + Level 9.4(8.4) Invocations
 * Level 10.6(9.5) Evocations


You had 11 spell levels left.
You didn't know any spells.

Dungeon Overview and Level Annotations

Branches:
Dungeon (13/15)            Temple (1/1) D:6            Lair (0/8) D:10
    Orc (2/2) D:11            Elf (0/3) Orc:2
 Vaults: D:13-14

Altars:
Ashenzari
Cheibriados
Dithmenos
Elyvilon
Fedhas
Gozag
Kikubaaqudgha
Makhleb
Nemelex Xobeh
Okawaru
Pakellas
Qazlal
Ru
Sif Muna
Trog
Vehumet
Xom
Yredelemnul
Zin
The Shining One

Shops:
D:6 ==[(*   Orc:2 ?:!

Portals:
Pandemonium: Orc:2

Annotations:
D:13 Kirke
Orc:2 Saint Roka


Innate Abilities, Weirdness & Mutations

You cannot wear most types of armour.
You are amphibious.
You can wear up to eight rings at the same time.
You can use your tentacles to constrict eight enemies at once.
Your skin changes colour to match your surroundings (Stealth).
Your rubbery body absorbs attacks (AC +1).
You are agile. (Dex +2)
You tend to lose your temper in combat.
Scrolls take you a little longer to read.
Your body sometimes deteriorates upon taking damage.
You are resistant to hostile enchantments.
You are covered in fur (AC +1).
You are occasionally teleported next to monsters.
Your spells are a little harder to cast, but a little more powerful.


Message History

You hear a mighty clap of thunder!
The bolt of lightning hits the orc sorcerer.
The orc sorcerer appears unharmed.
The bolt of lightning misses the orc sorcerer.
The bolt of lightning hits the smoke demon.
The smoke demon is heavily wounded.
This wand has 6 charges left.
You hear a shout! x2; You hear a chilling moan.
You hear a bellow!
The hellwing disappears in a puff of smoke!
You feel a little guilty.
You can no longer control the weather.
The orc sorcerer casts a spell.
You block the orc sorcerer's attack.
The orc sorcerer misses your infernal demonspawn.
The orc sorcerer casts a spell at you.
You suddenly lose the ability to move!
The neqoxec hits your infernal demonspawn.
The orange demon stings you!
You die...
Fedhas appreciates your contribution to the ecosystem. ## ##....... .## ##...... .. ##...o. .## # ## ##.... ..## .# ##. 3## ##... ...### ...##3o# 33# #. ##.. ..(#(###.#.##4o# oo#

.##.#. ##...
......###...##oo#o#.3##...###....
.......###...##4@o35##...# #.....
.#))##.)###...##46o##...# #..##..
#P..###..###...##§##...# #..###.o
PP..# ##≈≈###..)###...# #.. ##.o.
#P..# ##≈≈##)...#....##.. ##o...
....# ##.≈#)#)....#.#..###.....
##.########≈≈))P........###.)....
######..####≈))#.#.#...###.......
.####.....###)))......####......$


You could see an orc knight, 2 orc high priests, a sun demon, 2 orange demons, a
hellwing, 2 smoke demons, 2 neqoxecs, a chaos spawn, 5 orc sorcerers, an orc
warrior (frenzied), a shadow imp and a friendly infernal demonspawn.

Vanquished Creatures
  An orc warlord (Orc:1)
  An ettin (Orc:2)
  The ghost of tasslehoff34 the Basher, a journeyman MiGl of Ru (D:11)
  2 wandering mushrooms (Orc:2)
  An orc knight (Orc:2)
  A manticore (D:12)
  A rust devil (Orc:2)
  An orange demon (Orc:2)
  2 trolls
  A wyvern (D:10)
  A chaos spawn (Orc:2)
  A warg (Orc:2)
  3 hippogriffs
  4 ice beasts (D:6)
  16 orc warriors
  A phantom (D:5)
  8 centaurs
  2 ogres
  3 big kobolds
  5 giant frogs
  4 scorpions
  2 jellies
  2 killer bees (D:9)
  4 electric eels (D:8)
  5 crimson imps
  A giant frog zombie (D:5)
  5 hounds
  11 orc priests
  An iguana (D:5)
  8 orc wizards
  3 centaur skeletons
  6 worker ants
  3 hound skeletons
  5 gnolls
  10 adders
  3 shadow imps
  2 oozes
  An adder zombie (D:5)
  3 adder skeletons
  2 worms
  6 giant geckos
  54 orcs
  10 bats
  6 giant cockroaches
  5 goblins
  5 hobgoblins
  4 jackals
  3 quokkas
  5 ball pythons
  A giant gecko zombie (D:5)
  4 giant newts
  A jackal skeleton (D:4)
  A jackal zombie (D:5)
  17 kobolds
  A quokka zombie (D:5)
  9 rats
  A giant spore (Orc:2)
270 creatures vanquished.

Vanquished Creatures (collateral kills)
  Maud (D:11)
  Josephine (Orc:1)
  The ghost of M4edhros the Slinger, a journeyman OpAr of Fedhas (D:11)
  Urug (D:10)
  An unseen horror (D:12)
  A hill giant (D:12)
  An ugly thing (D:11)
  A manticore (D:12)
  2 orc sorcerers
  A kobold demonologist (D:12)
  4 trolls
  A shadow (D:12)
  5 wraiths
  A vampire (D:12)
  A hungry ghost (D:6)
  A steam dragon (D:10)
  5 wargs
  A water moccasin (D:12)
  4 orc warriors
  A sky beast (D:8)
  A black bear (D:9)
  3 ice beasts
  2 phantoms
  2 centaurs
  2 crocodiles (D:10)
  The ghost of M4edhros the Charlatan, an amateur OpAr (D:4)
  A gnoll sergeant (D:8)
  3 killer bees (D:9)
  3 crimson imps
  5 orc priests
  3 hounds (D:11)
  7 orc wizards
  4 centaur skeletons
  2 iguanas
  A hound skeleton (D:10)
  A gnoll (D:8)
  A shadow imp (D:12)
  An ooze (D:3)
  A giant gecko (D:11)
  21 orcs
  2 goblins (D:11)
  4 kobolds (D:10)
  A butterfly (D:6)
  4 giant spores
111 creatures vanquished.

Vanquished Creatures (others)
  A thorn hunter (Orc:2)
  A shambling mangrove (Orc:2)
  A wizard (D:12)
  An orc knight (Orc:2)
  6 wandering mushrooms
  2 wargs (Orc:2)
  4 necrophages
  A human (D:6)
  2 worker ant zombies
  An orc (D:5)
  6 ballistomycetes (Orc:2)
  4 giant spores
  260 toadstools
290 creatures vanquished.

Grand Total: 671 creatures vanquished

Notes
Turn   | Place    | Note
--------------------------------------------------------------
     0 | D:1      | M4edhros the Octopode Artificer began the quest for the Orb.
     0 | D:1      | Reached XP level 1. HP: 13/13 MP: 3/3
   216 | D:1      | Reached XP level 2. HP: 16/18 MP: 4/4
   394 | D:2      | Found a sparkling altar of Nemelex Xobeh.
   408 | D:2      | Reached XP level 3. HP: 23/23 MP: 5/5
   525 | D:4      | Noticed M4edhros's ghost (amateur OpAr)
   717 | D:3      | Reached XP level 4. HP: 28/28 MP: 6/6
   719 | D:3      | Reached skill level 4 in Stealth
   992 | D:3      | Noticed a phantom
  1081 | D:4      | Reached XP level 5. HP: 20/33 MP: 7/7
  1192 | D:4      | Reached skill level 5 in Stealth
  1504 | D:4      | Killed M4edhros's ghost
  1504 | D:4      | Reached XP level 6. HP: 31/38 MP: 9/9
  1883 | D:4      | Got a crude dagger
  1884 | D:4      | Identified the +5 dagger of Zide {freeze, Str+6} (You found it on level 4 of the Dungeon)
  2001 | D:5      | Entered Level 5 of the Dungeon
  2033 | D:5      | Reached skill level 6 in Stealth
  2105 | D:5      | Reached XP level 7. HP: 43/43 MP: 10/10
  2140 | D:5      | Reached skill level 5 in Dodging
  2143 | D:5      | Reached skill level 7 in Stealth
  2212 | D:5      | Reached skill level 5 in Evocations
  2311 | D:5      | Reached skill level 8 in Stealth
  2325 | D:5      | Reached XP level 8. HP: 14/48 MP: 11/11
  2744 | D:6      | Found a shimmering altar of Xom.
  2752 | D:6      | Found a shadowy altar of Dithmenos.
  2766 | D:6      | Became a worshipper of Xom of Chaos
  2852 | D:6      | Reached skill level 9 in Stealth
  3062 | D:6      | XOM: harmless Air miscast
  3114 | D:6      | Found Teulilal's Jewellery Shop.
  3146 | D:6      | Found Vogoanu's Jewellery Shoppe.
  3165 | D:6      | Found a staircase to the Ecumenical Temple.
  3173 | Temple   | Entered the Ecumenical Temple
  3198 | Temple   | XOM: harmless Ice miscast
  3215 | Temple   | Fell from the grace of Xom
  3215 | Temple   | Became a worshipper of Fedhas Madash
  4338 | D:2      | Reached * piety under Fedhas
  5118 | D:6      | Found Loneng's Antique Armour Boutique.
  5124 | D:6      | Bought a shield for 99 gold pieces
  5201 | D:6      | Reached skill level 1 in Shields
  5201 | D:6      | Reached skill level 1 in Invocations
  5221 | D:6      | Found a bloodstained altar of Trog.
  5225 | D:6      | Found an ancient bone altar of Kikubaaqudgha.
  5229 | D:6      | Found Baicho's Assorted Antiques.
  5258 | D:6      | Reached XP level 9. HP: 44/53 MP: 13/13
  5278 | D:6      | Bought a copper ring for 110 gold pieces
  5402 | D:6      | Found Joytroq's Weapon Boutique.
  5698 | D:7      | XOM: medium Erth miscast
  5846 | D:7      | XOM: noise
  5982 | D:7      | XOM: give mutation
  5982 | D:7      | Gained mutation: Your mind is acute. (Int +2) [Xom's mischief]
  6022 | D:7      | Found a sacrificial altar of Ru.
  6686 | D:8      | Reached ** piety under Fedhas
  6721 | D:8      | Reached skill level 5 in Invocations
  6848 | D:8      | Reached skill level 5 in Shields
  6874 | D:8      | HP: 1/79 [orc warrior/war axe (12)]
  6917 | D:8      | XOM: mild Air miscast
  6931 | D:8      | Gained mutation: You are agile. (Dex +2) [mutagenic meat]
  6932 | D:8      | Gained mutation: You are resistant to hostile enchantments. [mutagenic meat]
  6933 | D:8      | Gained mutation: You are covered in fur (AC +1). [mutagenic meat]
  6934 | D:8      | Gained mutation: Your spells are a little harder to cast, but a little more powerful. [mutagenic meat]
  6935 | D:8      | Gained mutation: Your body sometimes deteriorates upon taking damage. [mutagenic meat]
  6936 | D:8      | Gained mutation: You are somewhat resistant to further mutation. [mutagenic meat]
  6992 | D:8      | XOM: polymorph wandering mushroom -> shambling mangrove
  7163 | D:9      | Reached XP level 10. HP: 32/58 MP: 14/14
  7165 | D:9      | XOM: torment (18/58 hp)
  7355 | D:9      | Reached *** piety under Fedhas
  7396 | D:9      | XOM: polymorph shambling mangrove -> thorn hunter
  7492 | D:9      | Found a sacrificial altar of Ru.
  7765 | D:9      | Identified a scroll of acquirement
  7767 | D:9      | XOM: polymorph wandering mushroom -> shambling mangrove
  7816 | D:10     | Entered Level 10 of the Dungeon
  7876 | D:10     | Found a staircase to the Lair.
  7905 | D:10     | XOM: mild Air miscast
  7946 | D:10     | Got an ivory war axe
  7947 | D:10     | Identified the +5 war axe of Bread {venom, MR+} (You found it on level 10 of the Dungeon)
  7977 | D:10     | Reached skill level 1 in Slings
  7989 | D:10     | XOM: noise
  8028 | D:10     | Noticed Urug
  8034 | D:10     | Killed Urug
  8411 | D:10     | XOM: medium Summ miscast
  8497 | D:10     | XOM: mild Fire miscast
  8554 | D:10     | XOM: medium Divn miscast
  8707 | D:8      | XOM: medium Ice miscast
  8796 | D:6      | Bought a cabochon ring for 110 gold pieces
  8796 | D:6      | Bought a glass ring for 110 gold pieces
  8872 | D:6      | Bought a cursed amulet of inaccuracy for 26 gold pieces
  9078 | D:11     | Reached **** piety under Fedhas
  9089 | D:11     | Found a staircase to the Orcish Mines.
  9156 | D:11     | Noticed M4edhros's ghost (journeyman OpAr)
  9158 | D:11     | Noticed tasslehoff34's ghost (journeyman MiGl)
  9166 | D:11     | Killed M4edhros's ghost
  9168 | D:11     | Killed tasslehoff34's ghost
  9249 | D:11     | Noticed a cyan ugly thing
  9255 | D:11     | Killed a cyan ugly thing
  9255 | D:11     | Reached XP level 11. HP: 63/63 MP: 17/17
  9540 | D:11     | Noticed Maud
  9555 | D:11     | Killed Maud
  9927 | D:12     | Reached skill level 5 in Slings
 10093 | D:12     | Reached ***** piety under Fedhas
 10234 | D:12     | Found a bloodstained altar of Trog.
 10238 | D:12     | Noticed a wizard
 10240 | D:12     | Killed a wizard
 10247 | D:12     | Noticed an unseen horror
 10260 | D:12     | Killed an unseen horror
 10542 | D:12     | Noticed a manticore
 10548 | D:12     | Killed a manticore
 10643 | D:12     | Noticed a manticore
 10648 | D:12     | Killed a manticore
 11005 | D:12     | Noticed a hill giant
 11016 | D:12     | Killed a hill giant
 11101 | D:13     | Noticed Kirke
 11144 | Orc:1    | Entered Level 1 of the Orcish Mines
 11210 | D:11     | XOM: give mutations
 11210 | D:11     | Lost mutation: You are somewhat resistant to further mutation. [Xom's mischief]
 11210 | D:11     | Lost mutation: Your mind is acute. (Int +2) [Xom's mischief]
 11386 | Orc:1    | Noticed an orc warlord
 11391 | Orc:1    | Noticed an orc sorcerer
 11394 | Orc:1    | Noticed Josephine
 11394 | Orc:1    | Killed an orc warlord
 11398 | Orc:1    | XOM: noise
 11683 | Orc:1    | Killed an orc sorcerer
 11687 | Orc:1    | Killed Josephine
 12085 | Orc:2    | Entered Level 2 of the Orcish Mines
 12279 | Orc:2    | Reached XP level 12. HP: 43/68 MP: 19/19
 12290 | Orc:2    | Found Quuhuega's Magic Scroll Boutique.
 12357 | Orc:2    | Reached skill level 10 in Evocations
 12397 | Orc:2    | Found Xitteloug's Distillery.
 12554 | Orc:2    | Noticed an ettin
 12569 | Orc:2    | Killed an ettin
 12682 | Orc:2    | Bought a potion of mutation for 42 gold pieces
 12682 | Orc:2    | Gained mutation: Scrolls take you a little longer to read. [potion of mutation]
 12682 | Orc:2    | Gained mutation: You tend to lose your temper in combat. [potion of mutation]
 12682 | Orc:2    | Gained mutation: You are occasionally teleported next to monsters. [potion of mutation]
 12687 | Orc:2    | Bought a scroll of recharging for 152 gold pieces
 12881 | Orc:2    | Noticed Saint Roka
 12909 | Orc:2    | Found a staircase to the Elven Halls.
 13218 | Orc:2    | Found Foefec's Book Emporium.
 13218 | Orc:2    | Found a one-way gate leading to the halls of Pandemonium.
 13218 | Orc:2    | Noticed an orc high priest
 13219 | Orc:2    | Noticed an orc high priest
 13219 | Orc:2    | XOM: enchant monster (bad)
 13225 | Orc:2    | Paralysed by an orc sorcerer for 6 turns
 13225 | Orc:2    | Mangled by an orange demon

Vault maps used:
D:1:      lightli_molten_gateway, minmay_misc_feat_nine_boxes, st_stairs_12
D:2:      nemelex_deck
D:3:      first_bread, kennysheep_generic_room_8
D:5:      minmay_misc_feat_enclosed
D:6:      minitemple, minmay_temple_entry_butterflies, basic_altar,
          serial_shops, shop, shop, nicolae_shop_trees, shop, shop,
          tgw_kikubaaqudgha
D:7:      basic_altar, grunt_ogre_cave, kennysheep_generic_room_3
D:8:      serial_bayou_lagoon_b
D:9:      eino_jars, minmay_misc_feat_more_columns, nicolae_ru_awakened_eye
D:10:     due_lair_maze_entry_diamond, uniq_urug
D:11:     erik_orc_4, uniq_maud
D:12:     trog_wizard
D:13:     hangedman_cross_cluster, lightli_corner_chamber, uniq_kirke,
          uniq_azrael
Temple:   kilobyte_greek_temple_18
Orc:1:    serial_shops, shop, uniq_josephine
Orc:2:    pf_orc_diabolical, uniq_saint_roka

Action                   |  1- 3 |  4- 6 |  7- 9 | 10-12 || total
-------------------------+-------+-------+-------+-------++-------
Melee: Short sword       |    46 |     5 |       |       ||    51
       Dagger            |       |    80 |   255 |    17 ||   352
       War axe           |       |       |       |    14 ||    14
       Eveningstar       |       |       |       |    39 ||    39
 Fire: Hunting sling     |       |       |       |   559 ||   559
Throw: Stone             |       |       |       |     5 ||     5
Invok: Evolution         |       |       |     4 |     7 ||    11
       Sunlight          |       |       |     1 |     3 ||     4
       Reproduction      |       |       |       |     6 ||     6
       Rain              |       |       |       |     2 ||     2
Evoke: Wand              |     1 |     2 |    20 |    14 ||    37
       Rod               |       |       |       |    14 ||    14
  Use: Potion            |       |       |    13 |    12 ||    25
       Scroll            |       |       |       |    22 ||    22
 Stab: Sleeping          |     9 |    12 |    35 |     4 ||    60
  Eat: Chunk             |       |     3 |    11 |       ||    14
       Meat ration       |       |       |     2 |     2 ||     4
       Beef jerky        |       |       |     1 |       ||     1
       Royal jelly       |       |       |       |     1 ||     1
       Bread ration      |       |       |       |     2 ||     2
       Pizza             |       |       |       |     1 ||     1
